 Dungeon Crawl Stone Soup version 0.17-a0-427-ga655056 (webtiles) character file.

56 McCoppin the Sneak (level 3, 0/26 HPs)
             Began as an Octopode Fighter on Apr 3, 2015.
             Slain by Terence
             ... wielding a +0 flail
              (8 damage)
             ... on level 2 of the Dungeon.
             The game lasted 00:03:57 (1709 turns).

McCoppin the Sneak (Octopode Fighter)               Turns: 1709, Time: 00:03:57

Health: 0/26       AC:  1    Str: 16    XL:     3   Next: 97%
Magic:  3/3        EV: 10    Int: 10    God:
Gold:   26         SH:  8    Dex: 11    Spells: 0 memorised, 2 levels left

rFire  . . .     SeeInvis .     a - +0 rapier
rCold  . . .     Clarity  .     c - +0 shield
rNeg   . . .     SustAb   .     (helmet restricted)
rPois  .         Gourm    .     (no amulet)
rElec  .         Spirit   .     (no ring)
rCorr  .         Warding  .     (no ring)
rMut   .         Stasis   .     (no ring)
MR     .....                    (no ring)
Stlth  ++++......               (no ring)
                                (no ring)
                                (no ring)
                                (no ring)

@: not resistant to hostile enchantments, stealthy
A: almost no armour, amphibious, 8 rings, constrict 8, camouflage 1, gelatinous
body 1
a: no special abilities


You were on level 2 of the Dungeon.
You were hungry.

You visited 1 branch of the dungeon, and saw 2 of its levels.

You collected 26 gold pieces.

Inventory:

Hand weapons
 a - a +0 rapier (weapon)
Missiles
 l - a throwing net (quivered)
Armour
 c - a +0 shield (worn)
Scrolls
 b - a scroll of enchant weapon {unknown}
 g - a scroll of fear {unknown}
 h - a scroll of noise {unknown}
 i - 3 scrolls of remove curse {unknown}
 m - a scroll of random uselessness {unknown}
 p - 2 scrolls of identify {unknown}
 q - a scroll of teleportation {unknown}
 r - a scroll of enchant armour {unknown}
Potions
 e - 2 potions of might
 j - 4 potions of restore abilities {unknown}
 k - a potion of curing {unknown}
 o - a potion of flight {unknown}
Comestibles
 d - a bread ration
 f - 2 meat rations
 n - a slice of pizza


   Skills:
 - Level 3.0 Fighting
 + Level 2.9 Short Blades
 - Level 3.0 Dodging
 * Level 3.9 Stealth
 - Level 3.0 Shields


You had 2 spell levels left.
You didn't know any spells.

Dungeon Overview and Level Annotations

Branches:
Dungeon (2/15)

Altars:

Annotations:
D:2 Terence


Innate Abilities, Weirdness & Mutations

You cannot wear most types of armour.
You are amphibious.
You can wear up to eight rings at the same time.
You can use your tentacles to constrict eight enemies at once.
Your skin changes colour to match your surroundings (Stealth).
Your rubbery body absorbs attacks (AC +1).


Message History

Terence barely misses you.
You hit Terence.
Terence is severely wounded.
You constrict Terence, but do no damage.
Terence drinks a potion.
Terence is healed!
You hit Terence but do no damage. You constrict Terence.
Terence hits you with a flail.
You hit Terence but do no damage.
Terence is lightly wounded.
You constrict Terence.
Terence says, "You're history."
Terence hits you with a flail.
You hit Terence but do no damage.
Terence is lightly wounded.
You constrict Terence, but do no damage.
Terence hits you with a flail!
You hit Terence but do no damage. You squeeze Terence, but do no damage.
Terence is lightly wounded.
You constrict Terence. Terence hits you with a flail!
You die...

....?...# #..
.........#########..
!..........>.......#..
#.##.......#######....
.....................
#..$.......#######..
#.........########..
#..@......###...##..
#..@......##.....#..
######..............
#..............
####..............
#.................
#.##..............
#.##..............
#.###.............
##.####............


You could see Terence.

Vanquished Creatures
  An adder (D:2)
  5 bats
  A giant cockroach (D:2)
  6 goblins
  5 hobgoblins
  12 jackals (D:1)
  5 giant newts
  2 kobolds (D:2)
  7 rats
44 creatures vanquished.

Notes
Turn   | Place    | Note
--------------------------------------------------------------
     0 | D:1      | McCoppin, the Octopode Fighter, began the quest for the Orb.
     0 | D:1      | Reached XP level 1. HP: 16/16 MP: 1/1
   119 | D:1      | Reached skill level 1 in Stealth
   398 | D:1      | Reached XP level 2. HP: 21/21 MP: 2/2
   882 | D:1      | Reached XP level 3. HP: 26/26 MP: 3/3
  1687 | D:2      | Noticed Terence
  1709 | D:2      | Slain by Terence

Action                   || total
-------------------------++-------
Melee: Rapier            ||   102
 Stab: Sleeping          ||     6
  Eat: Chunk             ||     2
